 Dungeon Crawl Stone Soup version 0.29-a0-819-g94b489e0ae (webtiles) character file.

Game seed: 12292202375772959649

104961 jlumianski the Unforgettable (level 15, -38/111 HPs)
             Began as a Demonspawn Fighter on July 6, 2022.
             Was the Champion of Hepliaklqana.
             Killed from afar by a bog body (72 damage)
             ... with a bolt of cold
             ... on level 1 of the Swamp.
             The game lasted 02:29:23 (22956 turns).

jlumianski the Unforgettable (Demonspawn Fighter)  Turns: 22956, Time: 02:29:25

Health: -38/111    AC: 31    Str: 26    XL:     15   Next: 93%
Magic:  0/25       EV: 12    Int: 11    God:    Hepliaklqana [******]
Gold:   981        SH:  0    Dex: 17    Spells: 14/14 levels left

rFire   + + .      SeeInvis .   Z - +4 lajatang (venom)
rCold   x . .      Faith    .   (shield currently unavailable)
rNeg    + . .      Spirit   +   L - +0 fire dragon scales
rPois   .          Reflect  .   n - +0 hat "Hurrott" {Str+3}
rElec   .          Harm     +   Y - +1 cloak {Will+}
rCorr   .          Rampage  .   o - +2 pair of gloves of Spite {Harm rN+ Str+5}
Will    ++...                   m - +2 pair of boots
Stlth   +++.......              t - amulet of regeneration
HPRegen 1.08/turn               g - ring of the Tortoise {AC+8}
MPRegen 0.38/turn               W - ring of flight

@: flying, studying Fighting
A: reduced essence, rugged brown scales 2, foul stench 1, magic shield, magic
regeneration, magic link, weakness stinger 1, fangs 1, noise suppression
a: Renounce Religion, Recall Ancestor, Ancestor Identity, Transference, Idealise


You were on level 1 of the Swamp.
You worshipped Hepliaklqana.
Hepliaklqana was exalted by your worship.
You visited 4 branches of the dungeon, and saw 24 of its levels.
You also visited: Gauntlet.

You collected 2496 gold pieces.
You spent 1515 gold pieces at shops.

Inventory:

Hand Weapons
 c - a +4 scimitar of flaming
 Z - a +4 lajatang of venom (weapon)
Missiles
 z - 19 boomerangs (quivered)
 I - a throwing net
 S - 4 atropa-tipped darts
Armour
 m - a +2 pair of boots (worn)
 n - the +0 hat "Hurrott" (worn) {Str+3}
   (You found it on level 6 of the Dungeon)

   Str:       It affects your strength (+3).
 o - the +2 pair of gloves of Spite (worn) {Harm rN+ Str+5}
   (You bought it in a shop on level 2 of the Orcish Mines)

   Str:       It affects your strength (+5).
   rN:        It protects you from negative energy.
   Harm:      It increases damage dealt and taken.
 B - the +1 chain mail of Skepticism {+Inv Will+}
   (You bought it in a shop on level 2 of the Orcish Mines)

   +Inv:      It lets you turn invisible.
   Will:      It increases your willpower.
 L - +0 fire dragon scales (worn)
 Y - a +1 cloak of willpower (worn)
Magical Staves
 f - a staff of conjuration
Jewellery
 g - the ring of the Tortoise (left hand) {AC+8}
   (You found it in a Gauntlet)

   [ring of protection]

   AC:        It affects your AC (+8).
 r - a ring of resist corrosion
 t - an amulet of regeneration (around neck)
 u - the ring of Mempeuse {SInv Stlth+}
   (You found it in a Gauntlet)

   [ring of see invisible]

   SInv:      It lets you see invisible.
   Stlth:     It makes you more stealthy.
 D - the ring "Hukhlag" {EV+4 Dex+5}
   (You bought it in a shop on level 12 of the Dungeon)

   [ring of evasion]

   EV:        It affects your evasion (+4).
   Dex:       It affects your dexterity (+5).
 Q - a ring of ice
 W - a ring of flight (right hand)
Wands
 p - a wand of flame (7)
 s - a wand of digging (4)
 w - a wand of iceblast (33)
 x - a wand of acid (21)
 O - a wand of charming (28)
Scrolls
 a - 3 scrolls of fog
 b - a scroll of amnesia
 l - 6 scrolls of identify
 y - 4 scrolls of poison
 A - a scroll of fear
 J - 4 scrolls of magic mapping
 K - a scroll of blinking
 R - 6 scrolls of teleportation
 U - a scroll of silence
Potions
 d - a potion of might
 e - 12 potions of heal wounds
 h - 2 potions of invisibility
 i - 6 potions of flight
 j - 6 potions of curing
 k - a potion of berserk rage
 q - 2 potions of resistance
 v - 4 potions of cancellation
 C - 3 potions of haste
 E - 2 potions of attraction
Miscellaneous
 G - a phial of floods
 P - a phantom mirror


   Skills:
 + Level 10.4 Fighting
 - Level 12.0 Short Blades
 + Level 1.4(7.7) Long Blades
 - Level 2.1 Axes
 * Level 9.0 Staves
 - Level 1.1 Throwing
 + Level 11.6 Armour
 + Level 4.4 Dodging
 * Level 11.8 Stealth
 + Level 7.0 Shields
 * Level 13.6 Invocations
 * Level 6.0 Evocations


You had 14 spell levels left.
You didn't know any spells.
Your spell library contained the following spells:

 Spells                   Type           Power      Damage    Failure   Level
 Beastly Appendage        Tmut           0%         N/A       61%         1
 Necrotise                Necr           0%         1d4       61%         1
 Sandblast                Erth           0%         2d4       61%         1
 Blink                    Tloc           0%         N/A       75%         2
 Passwall                 Tmut/Erth      0%         N/A       75%         2
 Poisonous Vapours        Pois/Air       0%         N/A       75%         2
 Static Discharge         Conj/Air       0%         3-3/arc   75%         2
 Dazzling Flash           Conj/Hex       0%         N/A       93%         3
 Lesser Beckoning         Tloc           0%         N/A       93%         3
 Stone Arrow              Conj/Erth      0%         3d7       93%         3
 Vampiric Draining        Necr           0%         2d6       93%         3
 Animate Dead             Necr           0%         N/A       100%        4
 Corpse Rot               Necr/Pois/Air  0%         N/A       100%        4
 Hailstorm                Conj/Ice       0%         3d3       100%        4
 Ice Form                 Ice/Tmut       0%         N/A       100%        4
 Summon Lightning Spire   Summ/Air       0%         N/A       100%        4
 Agony                    Necr           0%         N/A       100%        5
 Alistair's Intoxication  Tmut/Pois      0%         N/A       100%        5
 Borgnjor's Vile Clutch   Necr/Erth      0%         N/A       100%        5
 Fireball                 Conj/Fire      0%         3d3       100%        5
 Freezing Cloud           Conj/Ice/Air   0%         6-21      100%        5
 Manifold Assault         Tloc           0%         N/A       100%        5
 Death Channel            Necr           0%         N/A       100%        6
 Simulacrum               Ice/Necr       0%         N/A       100%        6
 Storm Form               Tmut/Air       0%         N/A       100%        7
 Maxwell's Capacitive Co  Air            0%         ∞         100%        8
 Necromutation            Tmut/Necr      0%         N/A       100%        8
 Polar Vortex             Ice            0%         N/A       100%        9


Dungeon Overview and Level Annotations

Branches:
Dungeon (15/15) Temple (0/1) D:6 Lair (6/6) D:10 Swamp (1/4) Lair:3 Spider (0/4) Lair:3 Slime (0/5) Lair:5 Orc (2/2) D:9 Elf (0/3) Orc:2 Vaults (0/5) D:12 D:13 Gauntlet (visited) Depths: D:15

Altars:
Hepliaklqana
Ru
Sif Muna
Uskayaw
Vehumet
Wu Jian
Xom
Jiyva

Shops:
D:1 [   D:2 *   D:8 *   D:12 *   Orc:1 ?   Orc:2 [(?[

Portals:
Trove: D:11 (give 6 scrolls of fog)


Innate Abilities, Weirdness & Mutations

Your life essence is reduced to manifest your ancestor. (-10% HP)
You are mostly covered in rugged brown scales. (AC +2, +5% HP)
You may rarely emit foul miasma when damaged in melee.
When hurt, damage is shared between your health and your magic reserves.
You regenerate magic rapidly.
When low on magic, you restore magic in place of health.
You have a small tail.
You have very sharp teeth.
You passively dampen the noise of your surroundings.


Message History

The swamp drake dies!
l - 6 scrolls of identify (gained 1)
You see here a swamp drake corpse.
You now have 974 gold pieces (gained 20).
Items here: ) [[ †.
You now have 981 gold pieces (gained 7).
Things that are here:
a +0 quarterstaff; a +0 robe; a spriggan corpse You swap places.
Things that are here:
a +0 dagger; a +0 robe; a spriggan corpse
Found a potion of heal wounds.
e - 12 potions of heal wounds (gained 1)
Found a scroll of fear.
Found 24 gold pieces.
A bog body comes into view.
Found 30 gold pieces.
You see here a scroll of fear.
A - a scroll of fear
Found a scale mail.
Msizi points at the bog body and mumbles some strange words.
The stone arrow hits the bog body!
The bog body casts a spell at you. The bolt of cold hits you!!!
You feel a terrible chill!
You hit the bog body. You bite the bog body.
The bog body is heavily damaged.
The bog body touches you but does no damage.
You completely miss the bog body.
The bog body is heavily damaged.
The bog body casts a spell at you. The bolt of cold hits you!!!
You feel a terrible chill!
The bolt of cold hits Msizi!
Msizi resists.
You slash the bog body!
You tail-slap the bog body, but do no damage.
The bog body is almost destroyed.
The bog body gestures at you while chanting.
The bolt of cold hits you!!!
You feel a terrible chill!
Ouch! That really hurt!
You die...

♣...≈≈...≈..♣.≈≈≈♣..
♣♣≈.≈.≈..≈♣♣♣.≈.♣♣♣.
♣♣......≈≈.♣
♣.≈≈§♣♣♣
♣.≈.≈.≈§...♣
♣≈...≈♣♣
♣≈.≈.§≈...≈♣ ♣♣♣♣≈≈♣
♣.≈...≈.♣...... ≈.♣
♣♣......♣♣..≈≈..
♣.≈≈.♣......♣♣♣.
♣..R@..§≈≈..♣
♣♣≈.n.§♣♣♣♣.♣
♣..≈$.≈♣ ≈..
♣.≈≈..≈♣ . ♣≈.≈...♣
♣♣.≈...[ ...≈♣♣♣.
♣...≈♣ ..


You could see the friendly Msizi the battlemage and a bog body (ally target).

Vanquished Creatures
  Rupert (D:13)
  An orc warlord (Orc:1)
  Snorg (Lair:5)
  A minotaur (Gauntlet)
  An ettin (Orc:1)
  2 fire dragons
  Fannar (Orc:1)
  5 boulder beetles
  A catoblepas (D:14)
  8 hydras
  An ogre mage (D:14)
  6 two-headed ogres
  4 centaur warriors (D:14)
  An alligator (Swamp:1)
  8 death yaks
  3 orc high priests (Orc:2)
  A swamp dragon (Lair:6)
  2 orc knights
  An orc sorcerer (Orc:2)
  2 lindwurms (Lair:6)
  A manticore (D:11)
  16 ugly things
  A cyclops (D:14)
  7 elephants
  5 black mambas
  2 gargoyles
  7 cane toads
  4 torpor snails
  An efreet (Gauntlet)
  7 komodo dragons
  3 rime drakes
  A tengu conjurer (D:14)
  3 trolls
  5 tyrant leeches
  A polar bear (shapeshifter) (Gauntlet)
  5 hornets (Lair:6)
  4 slime creatures
  6 blink frogs
  8 dream sheep
  A spriggan (Swamp:1)
  2 wyverns
  A vampire (D:10)
  A yak (shapeshifter) (Gauntlet)
  A wraith (D:14)
  28 yaks
  3 basilisks
  10 humans (D:13)
  A redback (shapeshifter) (Gauntlet)
  2 vampire mosquitoes (D:12)
  4 wargs (Orc:1)
  A steam dragon (Lair:6)
  Edmund (D:4)
  A swamp worm (Swamp:1)
  4 acid dragons
  12 water moccasins
  12 orc warriors
  6 ogres
  5 black bears
  3 ice beasts
  7 wolves
  A phantom (D:6)
  8 bullfrogs
  3 kobold brigands
  A gnoll sergeant (D:7)
  An electric eel (Lair:2)
  2 howler monkeys (D:9)
  2 hounds
  2 jellies
  9 orc priests
  2 gnoll boudas
  4 iguanas
  Natasha (thrice) (D:2)
  17 orc wizards
  3 hell rats (Lair:3)
  10 gnolls
  3 adders
  A shadow imp (D:5)
  A white imp (D:8)
  3 ufetubi
  A dart slug (D:1)
  43 orcs
  4 bats
  8 endoplasms
  2 giant cockroaches (D:1)
  4 goblins
  7 hobgoblins
  12 jackals
  4 quokkas
  2 ball pythons
  3 frilled lizards
  18 kobolds
  2 rats
  A bush (Lair:1)
431 creatures vanquished.

Vanquished Creatures (collateral kills)
  Mlioglotl (Swamp:1)
  Gastronok (D:12)
  2 fire dragons
  3 hydras
  4 boulder beetles
  An anaconda (Lair:5)
  2 centaur warriors
  A death yak (Lair:4)
  2 two-headed ogres (D:11)
  An orc high priest (Orc:2)
  Sonja (Lair:3)
  A spriggan druid (Swamp:1)
  A deep elf pyromancer (D:14)
  4 ugly things
  An orc sorcerer (Orc:2)
  3 cyclopes
  A wolf spider (D:14)
  3 black mambas
  An elephant (Lair:2)
  2 torpor snails (Lair:6)
  Maggie (D:10)
  6 cane toads
  A rime drake (Lair:4)
  5 komodo dragons
  2 trolls
  2 tyrant leeches
  2 hornets (Lair:6)
  4 blink frogs
  4 slime creatures
  A jumping spider (Lair:3)
  3 dream sheep (Lair:4)
  18 yaks
  A shadow (D:11)
  A wyvern (D:10)
  A wraith (D:10)
  A spriggan (Swamp:1)
  2 fire elementals (Gauntlet)
  A basilisk (Lair:3)
  A redback (Lair:3)
  4 steam dragons (Lair:6)
  6 humans
  4 vampire mosquitoes
  A warg (Orc:2)
  A swamp worm (shapeshifter) (Gauntlet)
  3 swamp worms
  2 acid dragons (D:13)
  8 water moccasins
  2 hell hounds (Gauntlet)
  7 orc warriors
  3 sky beasts
  An ice beast (D:6)
  2 black bears
  4 swamp drakes
  3 ogres
  4 wolves
  A centaur (D:12)
  7 bullfrogs
  A scorpion (Lair:3)
  2 electric eels (Lair:2)
  3 howler monkeys
  2 jellies
  10 orc priests
  An iguana (Lair:6)
  13 orc wizards
  A hell rat (Lair:3)
  A gnoll (D:7)
  A shadow imp (D:7)
  A white imp (D:7)
  18 orcs
  An endoplasm (Lair:5)
  A hobgoblin (D:4)
  2 kobolds
  A butterfly (Lair:3)
215 creatures vanquished.

Vanquished Creatures (others)
  A bloated husk (Swamp:1)
  A steam dragon (Lair:5)
  A jelly (Lair:5)
  2 orc priests (Orc:2)
  24 battlemagi
  An ancestor (D:6)
  18 fungi
  41 plants
  4 toadstools (D:4)
93 creatures vanquished.

Grand Total: 739 creatures vanquished

Notes
Turn   | Place    | Note
-------+----------+-------------------------------------------
     0 | D:1      | jlumianski the Demonspawn Fighter began the quest for the
                  | Orb.
     0 | D:1      | Reached XP level 1. HP: 18/18 MP: 1/1
    39 | D:1      | Found Ycabua's Antique Armour Emporium.
   214 | D:1      | Gained mutation: You regenerate magic rapidly. [demonic
                  | ancestry]
   214 | D:1      | Reached XP level 2. HP: 21/24 MP: 2/2
   356 | D:1      | Found a faded altar of an unknown god.
   476 | D:2      | Identified the +5 short sword of Firair {vamp, Str+2}
   535 | D:1      | Reached XP level 3. HP: 29/29 MP: 3/3
  1043 | D:2      | Noticed Natasha
  1051 | D:2      | Killed Natasha
  1052 | D:2      | Reached skill level 1 in Short Blades
  1237 | D:2      | Found Dedik's General Store.
  1240 | D:2      | Bought a scroll of identify for 28 gold pieces
  1254 | D:2      | Gained mutation: When hurt, damage is shared between your
                  | health and your magic reserves. [demonic ancestry]
  1254 | D:2      | Reached XP level 4. HP: 35/35 MP: 4/4
  1301 | D:2      | Noticed Natasha
  1308 | D:2      | Killed Natasha
  1353 | D:2      | Noticed Natasha
  1362 | D:2      | Killed Natasha
  1727 | D:3      | Reached XP level 5. HP: 39/41 MP: 5/5
  1998 | D:3      | Gained mutation: You have very sharp teeth. [potion of
                  | mutation]
  1998 | D:3      | Gained mutation: You passively dampen the noise of your
                  | surroundings. [potion of mutation]
  2045 | D:3      | Found a hazy altar of Hepliaklqana.
  2056 | D:3      | Became a worshipper of Hepliaklqana the Forgotten
  2612 | D:4      | Found a shimmering altar of Xom.
  2844 | D:4      | Noticed a black bear
  2857 | D:4      | Killed a black bear
  2858 | D:4      | Reached skill level 1 in Stealth
  2858 | D:4      | Reached XP level 6. HP: 48/48 MP: 6/6
  2953 | D:4      | You fall into a shaft and drop 2 floors!
  3006 | D:5      | Entered Level 5 of the Dungeon
  3222 | D:4      | Reached skill level 1 in Throwing
  3230 | D:5      | Found a radiant altar of Vehumet.
  3368 | D:4      | Noticed Edmund
  3378 | D:4      | Killed Edmund
  3379 | D:4      | Reached XP level 7. HP: 54/54 MP: 7/7
  3384 | D:4      | Reached * piety under Hepliaklqana
  4458 | D:6      | Reached skill level 5 in Short Blades
  4518 | D:6      | Reached skill level 1 in Dodging
  4518 | D:6      | Gained mutation: When low on magic, you restore magic in
                  | place of health. [demonic ancestry]
  4518 | D:6      | Reached XP level 8. HP: 54/54 MP: 8/8
  4560 | D:6      | Found a sacrificial altar of Ru.
  4575 | D:6      | Reached skill level 1 in Invocations
  4665 | D:6      | Reached skill level 5 in Armour
  4733 | D:6      | Reached skill level 2 in Invocations
  4769 | D:6      | Identified the +0 hat "Hurrott" {Str+3}
  4925 | D:6      | Found a staircase to the Ecumenical Temple.
  5336 | D:8      | Reached skill level 3 in Invocations
  5356 | D:8      | Reached ** piety under Hepliaklqana
  5364 | D:8      | Remembered your ancestor Msizi as a battlemage
  5445 | D:7      | Gained mutation: You are partially covered in rugged brown
                  | scales. (AC +1, +3% HP) [demonic ancestry]
  5445 | D:7      | Reached XP level 9. HP: 54/62 MP: 11/11
  6119 | D:10     | Entered Level 10 of the Dungeon
  6142 | D:8      | Noticed a +0 falchion
  6143 | D:8      | Noticed a +0 short sword
  6143 | D:8      | Noticed a +0 spear
  6144 | D:8      | Noticed a +0 short sword
  6144 | D:8      | Noticed a +0 dagger
  6144 | D:8      | Noticed a +0 falchion
  6146 | D:8      | Noticed a +0 spear
  6146 | D:8      | Noticed a +0 dagger
  6156 | D:8      | Found a hide-covered altar of Uskayaw.
  6306 | D:8      | Found a shimmering blue altar of Sif Muna.
  6536 | D:8      | Reached *** piety under Hepliaklqana
  6571 | D:8      | Found Qehev's Overcharged Wands.
  7085 | D:9      | Noticed a troll
  7093 | D:9      | Killed a troll
  7094 | D:9      | Reached skill level 5 in Fighting
  7094 | D:9      | Reached skill level 4 in Invocations
  7191 | D:9      | Reached skill level 5 in Invocations
  7371 | D:9      | Found a staircase to the Orcish Mines.
  7599 | D:9      | Gained mutation: You have a small tail. [demonic ancestry]
  7599 | D:9      | Reached XP level 10. HP: 34/68 MP: 6/14
  7728 | D:9      | Found an ornate altar of the Wu Jian Council.
  7911 | D:10     | Noticed Maggie
  7926 | D:10     | Killed Maggie
  7927 | D:10     | Reached skill level 5 in Stealth
  8062 | D:10     | Reached **** piety under Hepliaklqana
  8165 | D:10     | Noticed a two-headed ogre
  8184 | D:10     | Killed a two-headed ogre
  8185 | D:10     | Reached skill level 6 in Invocations
  8460 | D:10     | Found a transporter.
  8574 | D:10     | Found a staircase to the Lair.
  9131 | D:11     | Noticed a boulder beetle
  9146 | D:11     | Killed a boulder beetle
  9147 | D:11     | Gained mutation: You are mostly covered in rugged brown
                  | scales. (AC +2, +5% HP) [demonic ancestry]
  9147 | D:11     | Reached XP level 11. HP: 70/76 MP: 14/16
  9176 | D:12     | Noticed a white ugly thing
  9349 | D:11     | Reached skill level 7 in Invocations
  9550 | D:11     | Identified the +6 trident "Cian" {antimagic, rN+ Str+3
                  | Dex+4}
  9677 | D:11     | Noticed a cyan ugly thing
  9747 | D:10     | Killed a cyan ugly thing
  9748 | D:10     | Reached skill level 10 in Short Blades
  9916 | D:11     | Killed a white ugly thing
  9999 | D:11     | Noticed a two-headed ogre
 10006 | D:11     | Killed a two-headed ogre
 10202 | D:11     | Found a portal to a secret trove of treasure.
 10413 | D:12     | Noticed a boulder beetle
 10436 | D:12     | Killed a boulder beetle
 10450 | D:12     | Noticed a boulder beetle
 10475 | D:12     | Killed a boulder beetle
 10544 | D:13     | Noticed a boulder beetle
 10544 | D:13     | Noticed a centaur warrior
 10544 | D:13     | Noticed Rupert
 10544 | D:13     | Noticed an orc knight
 10544 | D:13     | Found a gate to the Vaults.
 10597 | D:12     | Found Sec Entog's General Store.
 10620 | D:12     | Bought the ring "Hukhlag" {EV+4 Dex+5} for 856 gold pieces
 10656 | D:12     | Noticed a two-headed ogre
 10824 | D:11     | Killed a two-headed ogre
 10825 | D:11     | Reached skill level 8 in Invocations
 10860 | D:12     | Reached skill level 5 in Shields
 10973 | D:12     | Noticed a four-headed hydra
 10978 | D:12     | Killed a four-headed hydra
 11016 | D:12     | Noticed Gastronok
 11021 | D:12     | Gained mutation: You may rarely emit foul miasma when
                  | damaged in melee. [demonic ancestry]
 11021 | D:12     | Reached XP level 12. HP: 61/84 MP: 13/18
 11041 | D:12     | Killed Gastronok
 11149 | D:13     | Reached ***** piety under Hepliaklqana
 11163 | D:13     | Noticed a two-headed ogre
 11175 | D:13     | Killed a two-headed ogre
 11212 | D:13     | Noticed a two-headed ogre
 11217 | D:13     | Killed a two-headed ogre
 11330 | D:14     | Noticed a centaur warrior
 11342 | D:14     | Killed a centaur warrior
 11407 | D:13     | Reached skill level 9 in Invocations
 11433 | D:13     | Killed Rupert
 11647 | D:13     | Killed a boulder beetle
 11836 | D:12     | Killed a centaur warrior
 12317 | D:14     | Noticed a two-headed ogre
 12328 | D:14     | Killed a two-headed ogre
 12362 | D:14     | Noticed a centaur warrior
 12364 | D:14     | Noticed a centaur warrior
 12366 | D:14     | Noticed a centaur warrior
 12369 | D:14     | Noticed a two-headed ogre
 12369 | D:14     | Noticed a six-headed hydra
 12371 | D:14     | Killed a centaur warrior
 12372 | D:14     | Reached skill level 10 in Invocations
 12432 | D:13     | Reached XP level 13. HP: 54/91 MP: 13/20
 12602 | D:15     | Entered Level 15 of the Dungeon
 12617 | D:14     | Noticed a fire dragon
 12730 | D:13     | Upgraded the game from 0.29-a0-817-g9904bce7a6 to
                  | 0.29-a0-819-g94b489e0ae
 12822 | Lair:1   | Entered Level 1 of the Lair of Beasts
 12918 | Orc:1    | Entered Level 1 of the Orcish Mines
 12999 | Orc:1    | Reached skill level 10 in Armour
 13071 | Orc:1    | Noticed an orc warlord
 13308 | Orc:1    | Killed an orc warlord
 13518 | Orc:1    | Noticed Fannar
 13518 | Orc:1    | Noticed an ettin
 13519 | Orc:1    | Found Utwy's Magic Scroll Shop.
 13664 | Orc:1    | Killed an ettin
 13721 | Orc:1    | Killed Fannar
 13734 | Orc:1    | Bought a scroll of teleportation for 33 gold pieces
 13900 | Orc:2    | Entered Level 2 of the Orcish Mines
 14251 | Orc:2    | Reached skill level 11 in Invocations
 14633 | Orc:2    | Found a staircase to the Elven Halls.
 14786 | Orc:2    | Found Sonoe's Antique Armour Boutique.
 14790 | Orc:2    | Found Iloineff's Magic Scroll Boutique.
 14791 | Orc:2    | Found Bybul's Antique Armour Shop.
 14794 | Orc:2    | Found Satid's Weapon Shop.
 14922 | Orc:2    | Bought a pair of brightly glowing gloves for 294 gold
                  | pieces
 14922 | Orc:2    | Identified the +2 pair of gloves of Spite {Harm rN+ Str+5}
                  | (You bought it in a shop on level 2 of the Orcish Mines)
 14935 | Orc:2    | Bought a polished chain mail for 304 gold pieces
 14935 | Orc:2    | Identified the +1 chain mail of Skepticism {+Inv Will+}
                  | (You bought it in a shop on level 2 of the Orcish Mines)
 15268 | D:14     | Reached skill level 1 in Evocations
 15287 | D:14     | Noticed a fire dragon
 15304 | D:14     | Killed a fire dragon
 15593 | D:14     | Killed a fire dragon
 15594 | D:14     | Reached XP level 14. HP: 96/100 MP: 20/22
 15647 | D:14     | Identified the +1 leather armour of Space {MP-9 Dex+7
                  | Stlth+}
 15668 | D:14     | Reached skill level 10 in Stealth
 15958 | D:14     | Reached skill level 12 in Invocations
 16754 | Lair:1   | Reached skill level 1 in Staves
 17096 | Lair:2   | Found a gate leading to a gauntlet.
 17108 | Gauntlet | Entered a Gauntlet
 17112 | Gauntlet | Found a transporter.
 17120 | Gauntlet | Found a transporter.
 17151 | Gauntlet | Found a transporter.
 17159 | Gauntlet | Found a transporter.
 17172 | Gauntlet | Found a transporter.
 17194 | Gauntlet | Found a transporter.
 17213 | Gauntlet | Found a transporter.
 17220 | Gauntlet | Found a transporter.
 17262 | Gauntlet | Found a transporter.
 17278 | Gauntlet | Found a transporter.
 17278 | Gauntlet | Found the ring of the Tortoise {AC+8}
 17282 | Gauntlet | Found a transporter.
 17295 | Gauntlet | Found a transporter.
 17391 | Gauntlet | Identified the ring of Mempeuse {SInv Stlth+}
 17427 | Gauntlet | Identified the +0 kite shield of the Comet {Rampage rCorr}
 17447 | Gauntlet | Got the Parchment of Changing
 17453 | Gauntlet | Identified the +2 robe of Zegg {Str+3}
 17454 | Gauntlet | Got the Incunable of Battle Magic
 18104 | Lair:2   | Reached ****** piety under Hepliaklqana
 18397 | Lair:3   | Found a staircase to the Swamp.
 18766 | Lair:3   | Noticed Sonja
 18771 | Lair:3   | Killed Sonja
 18888 | Lair:3   | Reached skill level 5 in Staves
 18903 | Lair:3   | Found a hole to the Spider Nest.
 19498 | Lair:4   | You fall into a shaft and drop 2 floors!
 19498 | Lair:6   | Entered Level 6 of the Lair of Beasts
 19536 | Lair:6   | Reached XP level 15. HP: 90/108 MP: 18/24
 19596 | Lair:6   | Found a runed translucent door.
 19626 | Lair:6   | Reached skill level 13 in Invocations
 20006 | Lair:6   | Reached skill level 5 in Evocations
 20054 | Lair:5   | Noticed Snorg
 20061 | Lair:5   | Killed Snorg
 20069 | Lair:5   | Found a staircase to the Slime Pits.
 20069 | Lair:5   | Found a viscous altar of Jiyva.
 20206 | Lair:5   | Identified a scroll of acquirement
 20217 | Lair:5   | Acquired a manual of Fighting
 20402 | Lair:4   | Reached skill level 10 in Fighting
 21828 | Lair:6   | Reached skill level 1 in Long Blades
 22665 | Swamp:1  | Entered Level 1 of the Swamp
 22768 | Swamp:1  | Noticed Mlioglotl
 22839 | Swamp:1  | Killed Mlioglotl
 22956 | Swamp:1  | Killed from afar by a bog body

Illustrated notes

Levels and vault maps discovered:
D:1:      dpeg_arrival_renting, layout_basic, serial_shops, shop,
          basic_ecumenical_altar, minmay_misc_feat_diagonals
D:2:      layout_basic, serial_shops, nicolae_shop_behind_doors, chequers_jeans,
          uniq_natasha
D:3:      layout_loops_corners, nzn_hepliaklqana_mist_gate
D:4:      layout_loops_corners, kennysheep_mini, minmay_gold_behind_fungi,
          uniq_edmund
D:5:      layout_loops_ring, overflow_temple_1_default, pf_just_have_faith
D:6:      layout_basic, mainiacjoe_overflow_tiny_flanked, temple_green,
          minmay_door_square, chequers_serial_rivers_small_3
D:7:      layout_loops_ring
D:8:      layout_gridville, nicolae_uskayaw_en_pointe,
          mainiacjoe_overflow_24_doors, nicolae_shop_overcharged_wands
D:9:      layout_roguey, lemuel_coloured_pillars_altar
D:10:     layout_stronghold, lair_entry_dummy, nicolae_diode_basic, uniq_maggie
D:11:     layout_basic, serial_rivers, chequers_serial_rivers_large_b,
          chequers_serial_rivers_micro_e, chequers_serial_rivers_small_a,
          chequers_serial_rivers_marsh, chequers_serial_rivers_micro_a,
          nicolae_trove_entry_isolated, nzn_sisyphean_effort
D:12:     layout_gridville, serial_shops, nicolae_shop_crystal, uniq_gastronok
D:13:     layout_loops_ring, david_vaults_3, chequers_serial_rivers_room_a
D:14:     cheibrodos_fzero, layout_basic, glass_columns_a
D:15:     grunt_enter_depths_snipers, layout_cave_pools,
          portal_ice_cave_entry_pillars_three, fiery_altar_vehumet,
          tgw_lugonu_bribe
Lair:1:   layout_loops_ring, chequers_serial_rivers_room_a
Lair:2:   layout_gridlike, gauntlet_entry_generic, infiniplex_staircase_pool_2,
          grunt_megastairs_1, serial_bayou_shore_a
Lair:3:   layout_gridlike, minmay_swamp_entry_worms, spider_nest_entry_a,
          lemuel_fruit_fields, uniq_sonja
Lair:4:   nzn_winding_woodlands_three_and_one
          [nzn_winding_woodlands_5x15_sawtooth,
          nzn_winding_woodlands_5x15_river_crossing,
          nzn_winding_woodlands_5x15_parted,
          nzn_winding_woodlands_center_lodge], layout_long_grid,
          beast_lair_carwin_9, lemuel_fruit_tree
Lair:5:   layout_loops_ring, nicolae_slime_entry_slimehenge, nzn_random_ring,
          uniq_snorg
Lair:6:   wormcave, layout_cave_pods, guppyfry_lair_end_dragon,
          dreamdust_gnoll_shepherd
Swamp:1:  layout_basic_swamp, nicolae_swamp_dense_foliage, swamp_pool5,
          nicolae_swamp_godswood, hangedman_swamp_blocks, uniq_mlioglotl
Orc:1:    layout_caves, serial_shops, shop, uniq_fannar
Orc:2:    st_orc_mages, layout_caves

Skill      XL: |  1  2  3  4  5  6  7  8  9 10 11 12 13 14 15 |
---------------+----------------------------------------------+-----
Armour         | 3 4 5 6 7 8 9 10 11 | 11.6
Axes           | 2 |  2.1
Shields        | 3 4 5 6 7 |  7.0
Short Blades   | 1 2 3 4 5 6 8 9 11 12 | 12.0
Fighting       | 4 5 6 7 8 9 10 | 10.4
Stealth        | 1 2 3 4 6 7 8 9 10 11 | 11.8
Throwing       | 1 |  1.1
Dodging        | 1 2 3 4 |  4.4
Invocations    | 3 5 6 8 10 11 12 13 | 13.6
Evocations     | 2 4 6 |  6.0
Staves         | 5 9 |  9.0
Long Blades    | 1 |  1.4

Action                   |  1- 3 |  4- 6 |  7- 9 | 10-12 | 13-15 || total
-------------------------+-------+-------+-------+-------+-------++-------
Melee: War axe           |    42 |       |       |       |       ||    42
       Short sword       |    39 |   123 |   320 |   483 |   663 ||  1628
       Bite              |       |    14 |    33 |    94 |   194 ||   335
       Tailslap          |       |       |       |   114 |   252 ||   366
       Lajatang          |       |       |       |       |   461 ||   461
       Scimitar          |       |       |       |       |    22 ||    22
Throw: Stone             |       |     1 |     2 |       |       ||     3
       Dart              |       |     8 |     7 |    29 |     2 ||    46
       Boomerang         |       |       |       |       |    17 ||    17
Invok: Recall Ancestor   |       |       |     4 |     3 |     5 ||    12
       Ancestor Life: Ba |       |       |     1 |       |       ||     1
       Idealise          |       |       |       |     1 |     2 ||     3
Evoke: Wand              |       |     3 |     2 |     4 |     4 ||    13
       Phial of floods   |       |       |       |       |     1 ||     1
       Phantom mirror    |       |       |       |       |     1 ||     1
  Use: Scroll            |     2 |     2 |    11 |     5 |    18 ||    38
       Potion            |       |     5 |     2 |       |     3 ||    10
 Stab: Distracted        |       |       |     2 |    11 |    28 ||    41
       Sleeping          |       |       |       |       |     6 ||     6
Armor: Scale mail        |    31 |       |       |       |       ||    31
       Chain mail        |     7 |    64 |   156 |   137 |   218 ||   582
       Fire dragon scale |       |       |       |       |   263 ||   263
Dodge: Dodged            |    39 |    41 |    79 |   144 |   661 ||   964
Block: Buckler           |    19 |    21 |    52 |    92 |   111 ||   295

Table legend: (Time is in decaauts)
 A = Elapsed time spent in this place.
 B = Non-inter-level travel time spent in this place.
 C = Inter-level travel time spent in this place.
 D = Time resting spent in this place.
 E = Time spent auto-exploring this place.
 F = Levels seen in this place.
 G = Mean time per level.
                   A        B        C        D        E       F      G
               +--------+--------+--------+--------+--------+-----+--------+
         Total |  22679 |  21620 |   1059 |    996 |  11342 |  25 |  907.2 |
       Dungeon |  14246 |  13468 |    778 |    736 |   7696 |  15 |  949.7 |
          Lair |   6087 |   5809 |    278 |    107 |   3271 |   6 | 1014.5 |
         Swamp |    251 |    251 |      0 |      0 |     95 |   1 |  251.0 |
  Orcish Mines |   1732 |   1732 |      0 |    146 |    280 |   2 |  866.0 |
      Gauntlet |    361 |    361 |      0 |      7 |      0 |   1 |  361.0 |
               +--------+--------+--------+--------+--------+-----+--------+

Top non-repeatable levels by time:
    D:11: 1614 daAuts
    D:10: 1485 daAuts
  Lair:6: 1403 daAuts
    D:14: 1318 daAuts
  Lair:4: 1208 daAuts
    D:13: 1176 daAuts
     D:9: 1117 daAuts
     D:4: 1042 daAuts
     D:6: 1032 daAuts
  Lair:3: 987 daAuts
   Orc:1: 955 daAuts
     D:3: 915 daAuts
  Lair:2: 912 daAuts
     D:8: 903 daAuts
  Lair:1: 875 daAuts
